 Dungeon Crawl Stone Soup version 0.25.0-11-g1f837a76a1 (webtiles) character file.

Game seed: 4984800799705361012

11573 mortelune the Summoner (level 11, -19/90 HPs)
             Began as a Barachi Summoner on June 25, 2020.
             Was a Follower of Ashenzari.
             Demolished by an ettin
             ... wielding a +0 dire flail
              (43 damage)
             ... on level 1 of the Orcish Mines.
             The game lasted 00:49:45 (18758 turns).

mortelune the Summoner (Barachi Summoner)          Turns: 18758, Time: 00:49:46

Health: -19/90     AC: 12    Str: 13    XL:     11   Next: 79%
Magic:  5/24       EV: 17    Int: 24    God:    Ashenzari [*.....]
Gold:   618        SH:  5    Dex: 13    Spells: 14/28 levels left

rFire    . . .     SeeInvis .   B - +5 rapier of Generosity {freeze, MR+ Str+3}
rCold    . . .     Gourm    .   (no shield)
rNeg     . . .     Faith    .   D - +0 steam dragon scales
rPois    .         Spirit   .   E - +2 helmet (curse)
rElec    .         Reflect  +   p - +0 cloak
rCorr    .         Harm     .   w - +1 pair of gloves (curse)
MR       +....                  F - +0 pair of boots
Stlth    ++........             J - amulet of reflection (curse)
HPRegen  0.25/turn              n - +6 ring of intelligence (curse)
MPRegen  0.19/turn              (no ring)

@: marked, can't hop, very slightly contaminated, invisible, slow
A: +LOS, swims, slowness 1, strong legs 1
a: Hop, Curse Item, Scrying, Renounce Religion


You were on level 1 of the Orcish Mines.
You worshipped Ashenzari.
Ashenzari was aware of your devotion.
You were not hungry.

You visited 3 branches of the dungeon, and saw 14 of its levels.

You collected 750 gold pieces.
You spent 132 gold pieces at shops.

Inventory:

Hand Weapons
 d - a +0 spear
 v - a +2 quarterstaff of draining
 y - the +3 hunting sling of the Reaper {flame, rN+}
   (You found it on level 11 of the Dungeon)

   It causes projectiles fired from it to burn those they strike, causing extra
   injury to most foes and up to half again as much damage against particularly
   susceptible opponents.
   It protects you from negative energy.
 B - the +5 rapier of Generosity (weapon) {freeze, MR+ Str+3}
   (You took it off a crimson imp on level 9 of the Dungeon)

   It has been specially enchanted to freeze those struck by it, causing extra
   injury to most foes and up to half again as much damage against particularly
   susceptible opponents.
   It can also slow down cold-blooded creatures.
   It affects your strength (+3).
   It affects your resistance to hostile enchantments.
Armour
 a - a +0 robe
 f - +0 ice dragon scales
 p - a +0 cloak (worn)
 r - a +0 helmet
 s - a +1 animal skin
 w - a cursed +1 pair of gloves (worn)
 x - a +1 helmet
 D - +0 steam dragon scales (worn)
 E - a cursed +2 helmet (worn)
 F - a +0 pair of boots (worn)
 N - the +4 scale mail of Intuition {+Fly rPois Str+4 Dex-4}
   (You found it on level 11 of the Dungeon)

   It affects your strength (+4).
   It affects your dexterity (-4).
   It protects you from poison.
   It lets you fly.
Jewellery
 n - a cursed +6 ring of intelligence (left hand)
 I - an uncursed ring of protection from cold
 J - a cursed amulet of reflection (around neck)
 R - an uncursed amulet of regeneration
Wands
 A - a wand of acid (2)
 C - a wand of random effects (14)
 L - a wand of polymorph (9)
Scrolls
 e - a scroll of fear
 i - a scroll of identify
 t - 8 scrolls of teleportation
 z - a scroll of immolation
 G - 4 scrolls of remove curse
 M - a scroll of amnesia
Potions
 g - 2 potions of cancellation
 h - 2 potions of brilliance
 j - 11 potions of stabbing
 k - 4 potions of curing
 l - 3 potions of might
 m - 5 potions of lignification
 o - 2 potions of berserk rage
 q - 4 potions of flight
 u - 2 potions of haste
 H - 2 potions of heal wounds
Comestibles
 c - 19 rations
 K - a chunk of flesh


   Skills:
 + Level 9.9 Fighting
 + Level 9.0 Dodging
 - Level 1.7 Stealth
 + Level 9.3 Spellcasting
 + Level 12.5 Summonings
 - Level 5.6 Air Magic


You had 14 spell levels left.
You knew the following spells:

 Your Spells              Type           Power        Failure   Level  Hunger
a - Summon Small Mammal   Summ           ####         1%          1    None
b - Call Imp              Summ           ######..     1%          2    None
c - Call Canine Familiar  Summ           ######..     1%          3    None
d - Summon Lightning Spi  Summ/Air       ######..     1%          4    ##.....
e - Summon Ice Beast      Ice/Summ       #####...     4%          4    ##.....

Your spell library contained the following spells:

 Spells                   Type           Power        Failure   Level  Hunger
 Summon Guardian Golem    Hex/Summ       #####...     1%          3    None
 Animate Skeleton         Necr           N/A          5%          1    None
 Infusion                 Chrm           ##..         5%          1    None
 Pain                     Necr           ##..         5%          1    None
 Ensorcelled Hibernation  Hex/Ice        ##....       9%          2    None
 Searing Ray              Conj           ##....       9%          2    None
 Shroud of Golubria       Chrm/Tloc      ##....       9%          2    None
 Slow                     Hex            ##......     9%          2    None
 Song of Slaying          Chrm           ##......     9%          2    None
 Inner Flame              Hex/Fire       ##......     17%         3    None
 Ozocubu's Armour         Chrm/Ice       ##......     17%         3    None
 Spectral Weapon          Hex/Chrm       ##......     17%         3    None
 Vampiric Draining        Necr           ##........   17%         3    None
 Animate Dead             Necr           N/A          50%         4    ##.....
 Agony                    Necr           ##......     83%         5    ####...
 Yara's Violent Unravell  Hex/Tmut       ##........   83%         5    ####...
 Orb of Destruction       Conj           ##........   100%        7    #######


Dungeon Overview and Level Annotations

Branches:
Dungeon (12/15)            Temple (1/1) D:7            Lair (0/6) D:8
    Orc (1/2) D:11

Altars:
Ashenzari
Cheibriados
Dithmenos
Elyvilon
Fedhas
Gozag
Hepliaklqana
Kikubaaqudgha
Makhleb
Nemelex Xobeh
Okawaru
Qazlal
Ru
Sif Muna
Trog
Uskayaw
Vehumet
Xom
Yredelemnul
Zin
The Shining One

Shops:
D:4 ?=:   D:8 ?   D:10 (}![

Portals:
Trove: D:10 (give 2 scrolls of acquirement)

Annotations:
D:3 2 runed translucent doors, Daviar's ghost, amateur OpAM


Innate Abilities, Weirdness & Mutations

You can be seen from farther away. (+LOS)
You can swim through water.
You cover ground slowly.
You can hop short distances.


Message History

The ettin misses you.
The ettin hits you with a +0 dire flail!!
* * * LOW HITPOINT WARNING * * *
Your ice beast hits the ettin.
Your ice beast freezes the ettin!
The orc warrior throws a boomerang.
The boomerang barely misses your ice beast.
The boomerang closely misses the troll.
The boomerang hits your ice beast!
The weapon returns to the orc warrior!
Your ice beast hits the troll.
Your ice beast freezes the troll!
You are very lightly contaminated with residual magic.
The ettin closely misses you. The ettin barely misses you.
Your ice beast hits the ettin but does no damage.
The troll barely misses your ice beast. The troll claws your ice beast! x2
Your ice beast hits the troll but does no damage.
Your ice beast disappears in a puff of smoke!
Something hits your ice beast!
Your ice beast dies!
The ettin completely misses you.
The ettin hits you with a +0 dire flail!!!
You die...

#$.... #..........##...
......# ##.........####..
#......##.....[.....##...
#....8.................
.##[.......o.o....)....
#.....§T#.###o..)....
#..))[[#### ##.o.....
##..CY.# #..))..# #..@.##
......... ###<##
#...oo..... ###
........... ............
......##....


You could see an ettin, a troll, an orc, a friendly ice beast (summoned) and a
friendly lightning spire (summoned).

Vanquished Creatures
  A troll (D:11)
  A hornet (D:10)
  A hippogriff (D:8)
  A wyvern (D:10)
  A wraith (D:11)
  8 yaks
  An orc warrior (D:11)
  2 sky beasts
  A black bear (D:6)
  2 crocodiles (D:8)
  4 bullfrogs
  A scorpion (D:9)
  A killer bee (D:11)
  A wight (D:6)
  3 crimson imps
  2 quasits
  2 bullfrog zombies
  A bullfrog skeleton (D:10)
  A centaur zombie (D:6)
  3 hounds
  3 orc wizards
  A gnoll shaman (D:5)
  3 iguanas
  3 worker ants
  A killer bee zombie (D:7)
  A hound zombie (D:6)
  2 hound skeletons
  A howler monkey zombie (D:5)
  5 gnolls
  3 adders
  A shadow imp (D:11)
  An ooze (D:1)
  An adder skeleton (D:7)
  3 dart slugs
  3 leopard geckos
  16 orcs
  4 bats
  5 giant cockroaches
  5 goblins
  3 hobgoblins
  3 jackals (D:4)
  3 kobolds
  A quokka (D:4)
  A ball python (D:3)
  6 frilled lizards
  3 rats
120 creatures vanquished.

Vanquished Creatures (collateral kills)
  A hydra (D:11)
  A catoblepas (D:11)
  An orc knight (D:11)
  A centaur zombie (D:10)
  A rime drake (shapeshifter) (D:11)
  4 trolls
  A yaktaur (D:11)
  A hornet (D:9)
  A slime creature (D:11)
  3 hippogriffs (D:11)
  2 wyverns (D:11)
  A wraith (D:11)
  A steam dragon (D:9)
  30 yaks
  A basilisk (D:8)
  A warg (D:11)
  An acid dragon (D:11)
  A water moccasin (D:5)
  4 porcupines
  6 orc warriors
  A necrophage (D:10)
  2 black bears
  2 eyes of draining (D:10)
  7 ogres
  A boggart (D:11)
  9 centaurs
  2 crocodiles
  A big kobold (D:11)
  5 bullfrogs
  2 scorpions
  7 killer bees (D:11)
  3 wights (D:6)
  2 howler monkeys (D:5)
  5 crimson imps
  2 jellies
  4 hounds
  16 orc wizards
  2 orc priests (Orc:1)
  A bullfrog skeleton (D:7)
  An iguana (D:8)
  5 worker ants
  A hound zombie (D:5)
  Robin (D:2)
  A howler monkey zombie (D:5)
  10 gnolls
  6 adders
  An ooze (D:1)
  2 adder skeletons
  2 worms
  2 leopard geckos
  31 orcs
  3 bats (D:2)
  A giant cockroach (D:1)
  10 hobgoblins
  A jackal (D:4)
  A quokka (D:2)
  A frilled lizard (D:5)
  6 goblins
  9 kobolds
  2 rats (D:2)
234 creatures vanquished.

Vanquished Creatures (others)
  A kobold (D:11)
  3 fungi (D:8)
  6 plants
10 creatures vanquished.

Grand Total: 364 creatures vanquished

Notes
Turn   | Place    | Note
-------+----------+-------------------------------------------
     0 | D:1      | mortelune the Barachi Summoner began the quest for the Orb.
     0 | D:1      | Reached XP level 1. HP: 13/13 MP: 3/3
   285 | D:1      | Reached skill level 5 in Summonings
   560 | D:1      | Reached XP level 2. HP: 16/19 MP: 0/5
   573 | D:1      | Learned a level 2 spell: Call Imp
  1229 | D:1      | Reached XP level 3. HP: 8/24 MP: 0/7
  1433 | D:1      | Learned a level 3 spell: Call Canine Familiar
  2279 | D:2      | Noticed Robin
  2290 | D:2      | Killed Robin
  2290 | D:2      | Reached skill level 6 in Summonings
  2558 | D:2      | Reached XP level 4. HP: 27/30 MP: 4/8
  2786 | D:2      | Found an iron altar of Okawaru.
  3155 | D:3      | Found a runed translucent door.
  3568 | D:3      | Found a runed translucent door.
  3570 | D:3      | Noticed Daviar's ghost (amateur OpAM)
  3724 | D:3      | Found a hazy altar of Hepliaklqana.
  4216 | D:4      | Noticed an ogre
  4307 | D:4      | Reached XP level 5. HP: 26/35 MP: 2/10
  4454 | D:4      | Reached skill level 7 in Summonings
  4465 | D:4      | Learned a level 4 spell: Summon Lightning Spire
  4664 | D:4      | Found Tonyas's Book Shoppe.
  4727 | D:4      | Found Zoom Kat's Jewellery Shop.
  4772 | D:4      | Killed an ogre
  5112 | D:4      | Found Waupp's Magic Scroll Shoppe.
  5121 | D:4      | Bought a scroll of identify for 20 gold pieces
  5121 | D:4      | Bought a scroll of teleportation for 30 gold pieces
  5155 | D:4      | Reached skill level 1 in Air Magic
  5155 | D:4      | Reached XP level 6. HP: 15/41 MP: 6/11
  5606 | D:5      | Entered Level 5 of the Dungeon
  5726 | D:5      | Found a sparkling altar of Nemelex Xobeh.
  5884 | D:5      | Noticed a water moccasin
  5900 | D:5      | Killed a water moccasin
  5900 | D:5      | Reached skill level 1 in Fighting
  5933 | D:5      | Reached skill level 8 in Summonings
  5933 | D:5      | Reached XP level 7. HP: 13/48 MP: 8/13
  7297 | D:6      | Found an ancient bone altar of Kikubaaqudgha.
  7686 | D:6      | Reached skill level 9 in Summonings
  7686 | D:6      | Reached XP level 8. HP: 53/58 MP: 15/15
  8014 | D:6      | Reached skill level 5 in Spellcasting
  8768 | D:7      | Learned a level 4 spell: Summon Ice Beast
  9526 | D:7      | Found a staircase to the Ecumenical Temple.
  9679 | D:7      | Found a blossoming altar of Fedhas.
  9730 | Temple   | Entered the Ecumenical Temple
  9945 | Temple   | Became a worshipper of Ashenzari the Shackled
 10057 | D:8      | Noticed a hippogriff
 10212 | D:8      | Reached XP level 9. HP: 66/66 MP: 13/17
 10471 | D:7      | Reached skill level 5 in Fighting
 10828 | D:8      | Reached skill level 5 in Air Magic
 10845 | D:8      | Reached skill level 10 in Summonings
 10972 | D:8      | Reached skill level 5 in Dodging
 11125 | D:8      | Found a staircase to the Lair.
 11231 | D:8      | Identified the Volume of Transmigration and Arcane Weapons
 11364 | D:8      | Found Lodiopry's Magic Scroll Shoppe.
 11367 | D:8      | Bought a scroll of identify for 30 gold pieces
 11367 | D:8      | Bought a scroll of fear for 52 gold pieces
 11441 | D:8      | Found a white marble altar of Elyvilon.
 11444 | D:8      | Found a radiant altar of Vehumet.
 11450 | D:8      | Found a glowing golden altar of the Shining One.
 11629 | D:9      | Noticed a hornet
 11643 | D:9      | Killed a hornet
 11877 | D:9      | Noticed a troll
 11884 | D:9      | Killed a troll
 12007 | D:9      | Identified the +5 rapier of Generosity {freeze, MR+ Str+3}
 12022 | D:9      | Reached XP level 10. HP: 40/77 MP: 1/20
 13045 | D:10     | Entered Level 10 of the Dungeon
 13058 | D:10     | Reached skill level 11 in Summonings
 13270 | D:10     | Found Heeforgh's Gadget Emporium.
 13789 | D:10     | Found a portal to a secret trove of treasure.
 14284 | D:10     | Found Aqaucw's Distillery.
 14323 | D:10     | Found Qel Xaor's Armour Shop.
 14539 | D:10     | Found Hoam's Antique Weapon Shop.
 14654 | D:11     | Reached XP level 11. HP: 40/87 MP: 1/23
 14876 | D:11     | Reached * piety under Ashenzari
 14990 | D:11     | Found a staircase to the Orcish Mines.
 15821 | D:11     | Noticed a five-headed hydra
 15832 | D:11     | Killed a five-headed hydra
 15832 | D:11     | Reached skill level 12 in Summonings
 15959 | D:11     | Noticed a catoblepas
 16028 | D:11     | Killed a catoblepas
 16328 | D:11     | Identified the Grimoire of Enchantment
 16348 | D:11     | Got the uncursed scale mail of Intuition {+Fly rPois Str+4
                  | Dex-4}
 16527 | D:11     | Identified the +4 scale mail of Intuition {+Fly rPois Str+4
                  | Dex-4} (You found it on level 11 of the Dungeon)
 16541 | D:11     | Got the hunting sling of the Reaper {flame, rN+}
 16542 | D:11     | Identified the +3 hunting sling of the Reaper {flame, rN+}
                  | (You found it on level 11 of the Dungeon)
 18081 | D:12     | Noticed a cyclops
 18107 | Orc:1    | Entered Level 1 of the Orcish Mines
 18120 | Orc:1    | Noticed an orc knight
 18416 | D:11     | Killed an orc knight
 18738 | Orc:1    | Noticed an ettin
 18758 | Orc:1    | Demolished by an ettin

Illustrated notes

Levels and vault maps discovered:
D:1:      saegor_arrival_simple_e, layout_loops_cross, chequers_arboretum
D:2:      layout_loops_cross, lemuel_doored_altar, uniq_robin
D:3:      layout_loops_corners, old_standard_altar, ebering_ghost_sewer_f
D:4:      layout_gridville, serial_shops, nicolae_shop_waterfront, shop, shop,
          first_ration
D:5:      layout_rooms, nemelex_altar_shiori
D:6:      layout_basic, lemuel_coloured_pillars_altar
D:7:      layout_gridville, lemuel_round_altar, minmay_temple_entry_junction_2,
          solitary_fountain
D:8:      layout_rooms, grunt_temple_overflow_diamond,
          nicolae_overflow_hidden_temple, minmay_lair_entry_grove, serial_shops,
          kennysheep_mini, minmay_misc_feat_roman
D:9:      layout_basic
D:10:     layout_loops_ring, nicolae_trove_entry_crystal, serial_shops,
          nicolae_shop_crystal, shop, shop, nicolae_shop_window_shopping
D:11:     minmay_the_grid_plus [minmay_the_grid_mess, minmay_the_grid_slots,
          minmay_the_grid_garden, minmay_the_grid_diamond_grid,
          minmay_the_grid_prize_four_corners_diamond_b], layout_gridville,
          orc_0_dummy
D:12:     layout_basic, grunt_ogre_cave
Temple:   nicolae_temple_figure_eight
Orc:1:    layout_diamond_mine

Skill      XL: |  1  2  3  4  5  6  7  8  9 10 11 |
---------------+----------------------------------+-----
Summonings     | 5 6 7 8 9 10 11 12 | 12.5
Spellcasting   | 3 4 5 6 8 9 |  9.3
Air Magic      | 1 2 3 4 5 |  5.6
Fighting       | 1 3 4 6 8 9 |  9.9
Dodging        | 3 5 7 9 |  9.0
Stealth        | |  1.7

Action                   |  1- 3 |  4- 6 |  7- 9 | 10-12 || total
-------------------------+-------+-------+-------+-------++-------
Melee: Unarmed           |    24 |       |       |       ||    24
       Spear             |    93 |    97 |       |       ||   190
       Quarterstaff      |       |    78 |   247 |     1 ||   326
       Rapier            |       |       |       |   209 ||   209
 Cast: Summon Small Mamm |    14 |       |       |       ||    14
       Call Imp          |     7 |     4 |     1 |       ||    12
       Call Canine Famil |     4 |    16 |    18 |     3 ||    41
       Summon Lightning  |       |       |    24 |    46 ||    70
       Summon Ice Beast  |       |       |    16 |    66 ||    82
Invok: Curse Item        |       |       |     1 |     2 ||     3
 Abil: Hop               |     1 |     1 |     2 |     4 ||     8
  Use: Scroll            |       |     7 |    11 |    10 ||    28
       Potion            |       |     1 |     2 |     2 ||     5
 Stab: Sleeping          |     2 |     5 |       |     4 ||    11
       Distracted        |       |       |     2 |     2 ||     4
       Invisible         |       |       |       |     1 ||     1
  Eat: Chunk             |     3 |    11 |    23 |    16 ||    53
       Ration            |     1 |     1 |     1 |     4 ||     7
Armor: Robe              |    29 |       |       |       ||    29
       Animal skin       |     2 |    60 |   149 |     2 ||   213
       Ice dragon scales |       |       |     2 |       ||     2
       Steam dragon scal |       |       |       |    95 ||    95
Dodge: Dodged            |    99 |   103 |   262 |   279 ||   743
Block: Other             |       |       |       |    34 ||    34
       Reflection        |       |       |       |     1 ||     1
